 Dungeon Crawl Stone Soup version 0.28.0-53-g5a82cb258f (webtiles) character file.

Game seed: 14796249239373522540

6857 Infinimo the Basher (level 11, 0/122 (124) HPs)
             Began as an Ogre Gladiator on May 26, 2022.
             Was a High Priest of Okawaru.
             Slain by a boulder beetle (21 damage)
             ... on level 8 of the Dungeon.
             The game lasted 00:18:09 (12948 turns).

Infinimo the Basher (Ogre Gladiator)               Turns: 12948, Time: 00:18:10

HP:   0/122 (124)   AC:  7    Str: 20    XL:     11   Next: 6%
MP:   11/11         EV: 10    Int: 13    God:    Okawaru [*****.]
Gold: 425           SH:  0    Dex: 10    Spells: 10/10 levels left

rFire   . . .      SeeInvis .   q - +2 dire flail (drain)
rCold   . . .      Faith    +   (shield currently unavailable)
rNeg    + . .      Spirit   .   y - +1 robe {rN+}
rPois   .          Reflect  .   c - +1 hat
rElec   .          Harm     .   C - +1 cloak
rCorr   .          Rampage  .   (gloves unavailable)
Will    +....                   (boots unavailable)
Stlth   +.........              i - amulet of faith
HPRegen 0.30/turn               (no ring)
MPRegen 0.12/turn               (no ring)

@: about to teleport, lightly drained
A: large, unfitting armour, tough skin 1
a: Renounce Religion, Heroism, Finesse, Duel


You were on level 8 of the Dungeon.
You worshipped Okawaru.
Okawaru was extremely pleased with you.
You visited 1 branch of the dungeon, and saw 8 of its levels.

You collected 425 gold pieces.

Inventory:

Hand Weapons
 q - a +2 dire flail of draining (weapon)
 x - a +1 giant spiked club of flaming
Missiles
 d - 2 throwing nets (quivered)
 A - 7 poisoned darts
 D - 5 curare-tipped darts
 E - 4 large rocks
Armour
 c - a +1 hat (worn)
 y - a +1 robe of positive energy (worn)
 C - a +1 cloak (worn)
Jewellery
 i - an amulet of faith (around neck)
 j - a ring of wizardry
 F - a ring of resist corrosion
Wands
 b - a wand of iceblast (2)
Scrolls
 f - 3 scrolls of enchant armour
 g - a scroll of holy word
 k - 2 scrolls of teleportation
 n - 2 scrolls of magic mapping
 p - a scroll of blinking
 r - 2 scrolls of amnesia
 u - a scroll of fear
 z - 2 scrolls of silence
 B - a scroll of identify
Potions
 a - a potion of invisibility
 e - 2 potions of berserk rage
 h - 2 potions of flight
 l - a potion of lignification
 m - 3 potions of curing
 o - 2 potions of ambrosia
 s - a potion of brilliance
 t - 2 potions of haste
 v - 2 potions of degeneration
 w - 2 potions of heal wounds {unknown}


   Skills:
 + Level 12.7 Fighting
 * Level 12.7 Maces & Flails
 - Level 2.0 Throwing
 - Level 2.6 Dodging


You had 10 spell levels left.
You didn't know any spells.
Your spell library contained the following spells:

 Spells                   Type           Power      Damage    Failure   Level
 Static Discharge         Conj/Air       0%         N/A       43%         2
 Frozen Ramparts          Ice            0%         1d2       67%         3
 Ozocubu's Armour         Ice            0%         N/A       67%         3
 Dispel Undead            Necr           0%         3d6       97%         4
 Ice Form                 Ice/Tmut       0%         N/A       97%         4
 Sticky Flame             Conj/Fire      0%         2d3       97%         4
 Ozocubu's Refrigeration  Ice            0%         4d5       100%        7
 Summon Ice Beast         Ice/Summ       Unusable   N/A       N/A         4

Dungeon Overview and Level Annotations

Branches:
Dungeon (8/15)             Temple (0/1) D:7
   Lair: D:8-11

Altars:
Ashenzari
Cheibriados
Makhleb
Nemelex Xobeh
Okawaru
Ru
Uskayaw
Vehumet
Yredelemnul
Zin

Shops:
D:4 =

Annotations:
D:3 1 runed translucent door, hitsuchi's ghost, amateur DsFE


Innate Abilities, Weirdness & Mutations

You are too large for most types of armour.
You have tough skin. (AC +1)


Message History

You are too injured to fight recklessly!
You are too injured to fight recklessly!
You are too injured to fight recklessly!
You are too injured to fight recklessly!
You are too injured to fight recklessly!
A boulder beetle comes into view.
You sock the wight!
The wight is almost destroyed.
You puncture the wight!
You destroy the wight!
Okawaru accepts your kill.
Your life force feels restored.
The boulder beetle curls into a ball and begins rolling!
The boulder beetle stops rolling and uncurls.
The wight hits you with a +4 hand axe! You partially resist.
You feel drained.
Found a stone staircase leading down.
Items here: $ ( )))))) [[[[ †††.
The boulder beetle curls into a ball and begins rolling!
The boulder beetle hits you!!
* * * LOW HITPOINT WARNING * * *
The boulder beetle stops rolling and uncurls.
The boulder beetle curls into a ball and begins rolling!
The boulder beetle barely misses you.
The boulder beetle stops rolling and uncurls.
You hit the boulder beetle but do no damage.
You drain the boulder beetle.
The boulder beetle is lightly wounded.
You hit the boulder beetle but do no damage.
You drain the boulder beetle.
The boulder beetle is lightly wounded.
The boulder beetle bites you.
* * * LOW HITPOINT WARNING * * *
You hit the boulder beetle but do no damage.
The boulder beetle is lightly wounded.
The boulder beetle bites you!
* * * LOW HITPOINT WARNING * * *
Unknown command.
As you read the scroll of teleportation, it crumbles to dust.
You feel strangely unstable. The boulder beetle bites you!!
You die...

########## #...........#,,,,,,,,
......)..## #...........#,,,,,,,,
......)...###...........#,,,,,,,,
###.###....##...........#,,,,,,,,
#.#.#.##................#,,..,,,,
.#.#.#.##...............#....,.,,
#.#.#.#.########z#○..).......>#**
.#.#.#.#.# #..##B#..†)#######'###
#.#.#.#.####.#.#@#...B.##........
.#.#.#.#...)...#.#...#z##........
#.#.#.#.##.#)###.#...#)#.........
.#.#.#.#.##..# #.###.#...........
#.#.#.#.####.###..##.####B.......
.#.#.#.###.....##.....B..........
#.#.#.###.......##...............
###.####..#.#.#..##..............
##.#.##..#######..#.......#......


You could see a boulder beetle (drained) and a wight.

Vanquished Creatures
  2 centaur warriors (D:8)
  Pikel (D:6)
  A deep elf pyromancer (D:8)
  A cyclops (D:8)
  A troll (D:8)
  A slime creature (D:8)
  A wraith (D:8)
  A steam dragon (D:8)
  Edmund (D:4)
  2 water moccasins
  2 orc warriors (D:8)
  4 ice beasts
  2 black bears
  2 necrophages
  2 sky beasts
  3 ogres
  3 centaurs
  3 lemures (D:6)
  A phantom (D:4)
  5 bullfrogs
  2 scorpions
  4 killer bees (D:8)
  3 wights (D:8)
  3 howler monkeys (D:8)
  2 centaur zombies
  10 hounds
  2 jellies
  Crazy Yiuf (D:6)
  4 orc priests
  2 gnoll shamans
  An iguana (D:6)
  4 orc wizards
  A hound skeleton (D:5)
  2 howler monkey zombies
  5 gnolls (D:5)
  6 adders
  A river rat (D:2)
  A white imp (D:8)
  An ufetubus (D:7)
  An adder zombie (D:5)
  4 worms
  13 orcs
  9 ball pythons
  9 endoplasms
  A giant cockroach (D:2)
  7 goblins
  5 hobgoblins
  3 jackals (D:1)
  7 kobolds
  3 quokkas
  4 bats
  5 frilled lizards
  8 rats
  A spectral orc (D:4)
174 creatures vanquished.

Vanquished Creatures (others)
  5 plants (D:1)
5 creatures vanquished.

Grand Total: 179 creatures vanquished

Notes
Turn   | Place    | Note
-------+----------+-------------------------------------------
     0 | D:1      | Infinimo the Ogre Gladiator began the quest for the Orb.
     0 | D:1      | Reached XP level 1. HP: 22/22 MP: 1/1
   164 | D:1      | Reached XP level 2. HP: 31/31 MP: 2/2
   753 | D:1      | Reached XP level 3. HP: 32/37 MP: 3/3
  1015 | D:1      | You fall into a shaft and drop 1 floor!
  1750 | D:2      | Reached XP level 4. HP: 41/48 MP: 4/4
  2107 | D:1      | Found a faded altar of an unknown god.
  2485 | D:3      | Found a glowing silver altar of Zin.
  2554 | D:3      | Found a glowing drain.
  2596 | D:2      | HP: 2/48 [river rat (8)]
  3519 | D:3      | Found a runed translucent door.
  3520 | D:3      | Noticed hitsuchi's ghost (amateur DsFE)
  3822 | D:4      | Noticed Edmund
  4455 | D:4      | Reached XP level 5. HP: 37/55 MP: 5/5
  4984 | D:4      | Noticed a necrophage
  5003 | D:4      | Killed a necrophage
  5004 | D:4      | Reached skill level 5 in Fighting
  5004 | D:4      | Reached skill level 5 in Maces & Flails
  5004 | D:4      | Reached XP level 6. HP: 34/66 MP: 6/6
  5165 | D:4      | Found a basalt altar of Yredelemnul.
  5233 | D:4      | Found Ompic's Jewellery Shop.
  5307 | D:4      | Killed Edmund
  5609 | D:4      | Found a sacrificial altar of Ru.
  5614 | D:4      | Found a radiant altar of Vehumet.
  5628 | D:4      | Found an iron altar of Okawaru.
  5737 | D:4      | Became a worshipper of Warmaster Okawaru
  5781 | D:4      | Found a broken altar of Ashenzari.
  5812 | D:5      | Entered Level 5 of the Dungeon
  5812 | D:5      | Found a snail-covered altar of Cheibriados.
  5827 | D:4      | Reached XP level 7. HP: 47/74 MP: 7/7
  7361 | D:5      | Reached XP level 8. HP: 46/87 MP: 8/8
  7552 | D:5      | Reached * piety under Okawaru
  7895 | D:5      | Found a burning altar of Makhleb.
  8447 | D:6      | Reached ** piety under Okawaru
  8895 | D:6      | Reached XP level 9. HP: 87/97 MP: 9/9
  9060 | D:6      | Noticed Pikel
  9203 | D:6      | Killed Pikel
  9203 | D:6      | Reached *** piety under Okawaru
  9497 | D:6      | Found a runed translucent door.
  9498 | D:6      | Noticed Crazy Yiuf
  9842 | D:6      | Killed Crazy Yiuf
 10359 | D:7      | Reached **** piety under Okawaru
 10360 | D:7      | Reached skill level 10 in Fighting
 10360 | D:7      | Reached skill level 10 in Maces & Flails
 10433 | D:7      | Noticed a +0 falchion
 10433 | D:7      | Noticed a +0 short sword
 10433 | D:7      | Noticed a +0 spear
 10433 | D:7      | Noticed a +0 spear
 10433 | D:7      | Noticed a +0 dagger
 10433 | D:7      | Noticed a +0 dagger
 10433 | D:7      | Noticed a +0 short sword
 10434 | D:7      | Noticed a +0 falchion
 10435 | D:7      | Found a hide-covered altar of Uskayaw.
 10834 | D:7      | Found a sparkling altar of Nemelex Xobeh.
 10955 | D:7      | Found a staircase to the Ecumenical Temple.
 11097 | D:8      | Noticed a centaur warrior
 11115 | D:8      | Killed a centaur warrior
 11115 | D:8      | Reached ***** piety under Okawaru
 11116 | D:8      | Reached XP level 10. HP: 70/113 MP: 10/10
 11441 | D:8      | Noticed a cyclops
 11465 | D:8      | Killed a cyclops
 11731 | D:8      | Found a flagged portal.
 11731 | D:8      | Noticed a centaur warrior
 11745 | D:8      | Killed a centaur warrior
 11745 | D:8      | Identified the +2 cloak "Xaidimur" {*Slow rElec rPois
                  | Int-3} (Okawaru gifted it to you on level 8 of the Dungeon)
 11745 | D:8      | Received a gift from Okawaru
 11753 | D:8      | Identified the +4 hand crossbow of the Abyss {penet, rPois
                  | Str-3 Dex-2 Stlth+}
 11777 | D:8      | Noticed a white ugly thing
 12084 | D:8      | Noticed a seven-headed hydra
 12601 | D:8      | Identified the +6 glaive "Fempiked" {flame, Contam rElec
                  | Str+4}
 12633 | D:8      | Noticed a deep elf pyromancer
 12643 | D:8      | Killed a deep elf pyromancer
 12778 | D:8      | Reached XP level 11. HP: 103/124 MP: 11/11
 12917 | D:8      | Noticed a boulder beetle
 12948 | D:8      | Slain by a boulder beetle

Illustrated notes

Levels and vault maps discovered:
D:1:      lemuel_arrival_room, layout_basic,
          shapermc_ecumenical_altar_mp_urbaneastern, minmay_misc_feat_tower
D:2:      layout_loops_corners, dk_vineyard_3
D:3:      layout_rooms, zin_scriptorium, ebering_ghost_reflecting_pool,
          portal_sewer_entry_c
D:4:      layout_rooms, kennysheep_mini_moat,
          yredelemnul_forgotten_temple_becter, mainiacjoe_overflow_big_doors,
          mainiacjoe_overflow_six_doors_small, grunt_decor_one_mirror,
          kennysheep_small_circle, uniq_edmund
D:5:      minmay_bubble_buster, layout_layer_cave, overflow_temple_1_default,
          lightli_temple_of_fire, grunt_decor_resistance
D:6:      layout_basic, uniq_crazy_yiuf_cottage, uniq_pikel
D:7:      layout_rooms, nicolae_uskayaw_en_pointe, nemelex_altar_shiori,
          minmay_temple_entry_enclosed_plants, kennysheep_generic_room_4
D:8:      minmay_the_grid_octo_tiled_squarecenter
          [minmay_the_grid_octo_checkered, minmay_the_grid_octo_chip,
          minmay_the_grid_octo_pinwheel, minmay_the_grid_octo_teeth,
          minmay_the_grid_square_5x5_megaprize_checkered,
          minmay_the_grid_square_5x5_shuriken,
          minmay_the_grid_square_5x5_hourglass,
          minmay_the_grid_square_5x5_three_walls,
          minmay_the_grid_square_5x5_trominoes], layout_basic, tso_altar,
          enter_bailey_2

Skill      XL: |  1  2  3  4  5  6  7  8  9 10 |
---------------+-------------------------------+-----
Fighting       | 3 4 5 7 8 11 12 | 12.7
Maces & Flails | 3 4 5 6 7 8 11 12 | 12.7
Throwing       | |  2.0
Dodging        | |  2.6

Action                   |  1- 3 |  4- 6 |  7- 9 | 10-12 || total
-------------------------+-------+-------+-------+-------++-------
Melee: Flail             |   105 |   143 |       |       ||   248
       Punch             |     1 |     1 |       |       ||     2
       Dire flail        |       |    27 |   222 |   133 ||   382
Throw: Dart              |       |     6 |     5 |    15 ||    26
       Throwing net      |       |       |     2 |       ||     2
  Use: Scroll            |       |    12 |     8 |     3 ||    23
       Potion            |       |     4 |       |     1 ||     5
 Stab: Sleeping          |     3 |       |       |       ||     3
       Invisible         |       |       |       |     2 ||     2
Armor: Robe              |    19 |    38 |    58 |    27 ||   142
       Skin              |       |     4 |       |       ||     4
Dodge: Dodged            |    57 |    89 |   124 |    55 ||   325
